 Dungeon Crawl Stone Soup version 0.31.0-32-g396128a36d (webtiles) character file.

Game seed: 11463555537110482215

16 spaghetti the Sneak (level 2, -3/28 HPs)
             Began as a Naga Delver on Mar 9, 2024.
             Slain by an ufetubus (4 damage)
             ... on level 6 of the Dungeon.
             The game lasted 00:00:17 (126 turns).

spaghetti the Sneak (Naga Delver)                    Turns: 126, Time: 00:00:18

Health: -3/28      AC:  2    Str: 14    XL:     2   Next: 58%
Magic:  2/2        EV:  9    Int: 10    God:
Gold:   11         SH:  0    Dex: 12    Spells: 1/1 levels left

rFire   . . .        a - +0 short sword
rCold   . . .        (no shield)
rNeg    . . .        b - +0 leather armour
rPois   +            (no helmet)
rElec   .            (no cloak)
rCorr   .            (no gloves)
SInv    +            (no barding)
Will    .....        (no amulet)
Stlth   +++          (no ring)
HPRegen 0.24/turn    (no ring)
MPRegen 0.08/turn

%: no passive effects
@: very slow
A: AC +0, large, see invisible, deformed body, poison resistance, slowness 2,
spit poison 1, naga tail 1
a: Spit Poison


You were on level 6 of the Dungeon.
You visited 1 branch of the dungeon, and saw 2 of its levels.

You collected 11 gold pieces.

Inventory:

Hand Weapons
 a - a +0 short sword (weapon)
Armour
 b - a +0 leather armour (worn)
Wands
 g - a wand of digging (3)
 h - a wand of quicksilver (7)
Scrolls
 c - a scroll of fog
 d - a scroll of revelation
 e - a scroll of fear
Potions
 f - a potion of haste


   Skills:
 - Level 3.1 Fighting
 - Level 2.2 Short Blades
 - Level 1.8 Dodging
 - Level 7.4 Stealth
 + Level 0.8 Evocations


You had one spell level left.
You didn't know any spells.
Your spell library was empty.

Dungeon Overview and Level Annotations

Branches:
Dungeon (6/15)
 Temple: D:4-7

Altars:

Shops:
D:6 (


Innate Abilities, Weirdness & Mutations

Your serpentine skin is tough. (AC +0)
You have supernaturally acute eyesight. (SInv)
Armour fits poorly on your strangely shaped body.
Your system is resistant to poisons. (rPois)
You cover ground very slowly.
You can spit poison.
You have a snake-like lower body.


Message History

The ufetubus hits you but does no damage.
The ufetubus slips past you! The ufetubus barely misses you.
The ufetubus hits you.
You hit the ufetubus.
The ufetubus is lightly wounded.
The ufetubus barely misses you. x2; The ufetubus hits you.
The ufetubus closely misses you.
You hit the ufetubus but do no damage.
The ufetubus is lightly wounded.
The ufetubus hits you but does no damage.
The ufetubus hits you. x2; The ufetubus closely misses you. x2
The ufetubus barely misses you.
The ufetubus hits you but does no damage.
The ufetubus hits you.
You closely miss the ufetubus.
The ufetubus is lightly wounded.
The ufetubus hits you. x3
* * * LOW HITPOINT WARNING * * *
The ufetubus hits you but does no damage.
Aiming: Quicksilver Bolt
Press: ? - help, Shift-Dir - straight line, f - ufetubus
Aim: an ufetubus (53% to hit)
The bolt of dispelling energy hits the ufetubus!
You kill the ufetubus!
You hear an angry hiss.
An adder comes into view.
The ufetubus closely misses you. The ufetubus hits you.
* * * LOW HITPOINT WARNING * * *
The ufetubus slips past you!
The ufetubus hits you but does no damage.
The ufetubus hits you.
* * * LOW HITPOINT WARNING * * *
Unknown command.
Aiming: Quicksilver Bolt
Press: ? - help, Shift-Dir - straight line, f - ufetubus
Aim: an ufetubus (lightly wounded, 53% to hit)
The bolt of dispelling energy hits the ufetubus!
The ufetubus is almost dead.
The ufetubus hits you.
You die...

#.........#...#
#####.........#..8#
..............>...####
...####.######.8.∩.8.#
.. #.###......<+..#
....####...(......8##.#
#.......####.##.#.)<# #
#.#####5# #. #.###.#
#@# # #.# #.# #.# ...
#.# #.# #.# #S# #.# #..
#.# ... #.# ### #.# #.#
..#


You could see an adder and an ufetubus.

Vanquished Creatures
  An adder (D:6)
  An ufetubus (D:6)
  An orc (D:6)
3 creatures vanquished.

Notes
Turn   | Place    | Note
-------+----------+-------------------------------------------
     0 | D:5      | spaghetti the Naga Delver began the quest for the Orb.
     0 | D:5      | Reached XP level 1. HP: 21/21 MP: 1/1
    12 | D:6      | Found Raliufem's Weapon Emporium.
    17 | D:6      | Reached XP level 2. HP: 9/28 MP: 2/2
   125 | D:6      | HP: 1/28 [ufetubus (5)]
   126 | D:6      | Slain by an ufetubus

Illustrated notes

Levels and vault maps discovered:
D:5:      layout_basic, minmay_temple_entry_statues_fountains,
          grunt_ministairs_5, minmay_misc_feat_encased, uniq_ijyb
D:6:      layout_basic, nicolae_qazlal_general_emergency, minitemple,
          serial_shops, shop, nicolae_shop_statue_plus, nicolae_shop_crystal,
          uniq_pikel

Action                     || total
---------------------------++-------
  Melee: Short sword       ||     3
  Evoke: Wand              ||     4
 Armour: Leather armour    ||    21
  Dodge: Dodged            ||    10
